 Dungeon Crawl Stone Soup version 0.30-a0-465-g8901f6c8b5 (webtiles) character file.

Game seed: 6577903890813903278

4081 RBrandon the Wallflower (level 10, -19/77 HPs)
             Began as an Armataur Reaver on Dec 17, 2022.
             Was a Believer of Uskayaw.
             Demolished by a two-headed ogre
             ... wielding a +0 giant spiked club
              (27 damage)
             ... on level 9 of the Dungeon.
             The game lasted 00:25:29 (9552 turns).

RBrandon the Wallflower (Armataur Reaver)           Turns: 9552, Time: 00:25:29

Health: -19/77     AC:  8    Str: 18    XL:     10   Next: 5%
Magic:  2/15       EV:  8    Int: 16    God:    Uskayaw [**....]
Gold:   340        SH:  3    Dex: 10    Spells: 5/14 levels left

rFire   . . .      SeeInvis .    r - +1 dagger (elec)
rCold   x . .      Faith    .    d - +0 buckler
rNeg    . . .      Spirit   .    i - +0 ring mail
rPois   .          Reflect  .    (no helmet)
rElec   .          Harm     .    A - +2 cloak
rCorr   .          Roll     +    (no gloves)
Will    .....                    (no barding)
Stlth   +++.......               (no amulet)
HPRegen 0.32/turn                (no ring)
MPRegen 0.14/turn                (no ring)

@: immotile, very slightly contaminated
A: large, rugged brown scales 3, deformed body, armoured tail, roll, long
tongue, awkward tongue, stinger 1, frail 1, sense surroundings 1, cold
vulnerability 1, sturdy frame 1
a: Renounce Religion, Stomp, Line Pass


You were on level 9 of the Dungeon.
You worshipped Uskayaw.
Uskayaw was noncommittal.
You visited 1 branch of the dungeon, and saw 9 of its levels.
You also visited: Ossuary.

You collected 340 gold pieces.

Inventory:

Hand Weapons
 a - a +0 mace
 r - a +1 dagger of electrocution (weapon)
   (You took it off a goblin on level 4 of the Dungeon)
Armour
 b - a +0 leather armour
 d - a +0 buckler (worn)
 i - a +0 ring mail (worn)
 j - a +0 cloak
 A - a +2 cloak (worn)
Jewellery
 y - an amulet of guardian spirit
Wands
 k - a wand of polymorph (5)
 x - a wand of iceblast (2)
 B - a wand of mindburst (16)
Scrolls
 c - 3 scrolls of fog {unknown}
 e - 3 scrolls of amnesia
 f - a scroll of torment {unknown}
 g - a scroll of silence {unknown}
 h - 7 scrolls of teleportation
 m - 4 scrolls of identify {unknown}
 n - a scroll of poison {unknown}
 p - 4 scrolls of enchant weapon {unknown}
 q - 2 scrolls of enchant armour {unknown}
 s - 2 scrolls of magic mapping {unknown}
 u - a scroll of fear {unknown}
 v - 3 scrolls of blinking {unknown}
Potions
 l - a potion of ambrosia {unknown}
 o - 3 potions of invisibility {unknown}
 t - a potion of flight {unknown}
 w - a potion of brilliance
 z - a potion of might {unknown}


   Skills:
 - Level 4.8 Fighting
 - Level 5.6 Short Blades
 - Level 2.8 Maces & Flails
 - Level 1.5 Dodging
 - Level 7.4 Stealth
 + Level 2.5 Spellcasting
 - Level 4.2 Conjurations
 - Level 2.1 Translocations
 - Level 2.0 Fire Magic
 - Level 1.5 Ice Magic
 - Level 1.9 Air Magic
 - Level 7.9 Invocations


You had 5 spell levels left.
You knew the following spells:

 Your Spells              Type           Power      Damage    Failure   Level
a - Kiss of Death         Conj/Necr      32%        2d7       14%         1
b - Momentum Strike       Conj/Tloc      24%        3d8       14%         2
c - Hailstorm             Conj/Ice       11%        3d5       30%         3
d - Kindle Blastsparks    Fire/Tloc/Air  16%        2d11      41%         3

Your spell library contained the following spells:

 Spells                   Type           Power      Damage    Failure   Level
 Portal Projectile        Hex/Tloc       10%        N/A       54%         3
 Ignite Poison            Fire/Tmut/Pois 4%         N/A       61%         3
 Tukima's Dance           Hex            2%         N/A       71%         3
 Freezing Cloud           Conj/Ice/Air   5%         6-21      97%         5
 Blade Hands              Tmut           1%         N/A       100%        5


Dungeon Overview and Level Annotations

Branches:
Dungeon (9/15)             Temple (0/1) D:6         Ossuary (visited)
   Lair: D:8-11         Orc: D:9-12

Altars:
Ashenzari
Fedhas
Hepliaklqana
Uskayaw

Annotations:
D:6 1 runed translucent door, Crazy Yiuf


Innate Abilities, Weirdness & Mutations

You are completely covered in rugged brown scales. (AC +3, +7% HP)
Armour fits poorly on your strangely shaped body.
You have a long armoured tail.
You roll when moving toward enemies. (Rampage)
Your long tongue fully drains potion bottles. (2x potion effects)
Your tongue gives you trouble enunciating. (1.5x scroll delay)
Your tail ends in a venomous barb.
You are frail. (-10% HP)
You passively map a small area around you.
You are vulnerable to cold. (rC-)
Your movements are slightly less encumbered by armour. (ER -2)


Message History

Aiming: Momentum Strike (safe; 14% risk of failure)
Press: ? - help, Dir - move target, f/p - two-headed ogre
Aim: a two-headed ogre, wielding two +0 giant spiked clubs (moderately wounded, 86% to hit)
The concentrated momentum hits the two-headed ogre!
The two-headed ogre is heavily wounded.
You are unable to move.
Casting: Momentum Strike (safe; 14% risk of failure)
Confirm with . or Enter, or press ? or * to list all spells.
Casting: Hailstorm (dangerous; 30% risk of failure)
Press: ? - help, Dir - look around, f - activate You miscast Hailstorm.
You are very lightly contaminated with residual magic.
Nothing appears to happen.
That's the wrong kind of item! (Use * to select it.) Evoke which item? (* to show all) (? for menu, Esc to quit)
Okay, then.
Unknown command.
Aiming: Mindburst
Press: ? - help, Shift-Dir - straight line, f - two-headed ogre
Aim: a two-headed ogre, wielding two +0 giant spiked clubs (heavily wounded, chance to affect: 47%)
The two-headed ogre resists with some effort.
The two-headed ogre hits you with a +0 giant spiked club! x2
* * * LOW HITPOINT WARNING * * *
You cannot move.
You barely miss the two-headed ogre.
The two-headed ogre is heavily wounded.
The two-headed ogre completely misses you.
The two-headed ogre hits you with a +0 giant spiked club!
* * * LOW HITPOINT WARNING * * *
You closely miss the two-headed ogre.
The two-headed ogre is heavily wounded.
Unknown command.
Okay, then.
Unknown command.
You stomp with the beat, sending a shockwave through the revellers around you!
The two-headed ogre is severely wounded.
The two-headed ogre hits you with a +0 giant spiked club!
* * * LOW HITPOINT WARNING * * *
The two-headed ogre hits you with a +0 giant spiked club!!
You die...

, ....# ...
##....####.. ,
#.......... ,
###.#....... ### *
..........., ...,
*..........# ...,,
.........)##.♣♣~~
.......).)#.PP~~O
(......@O).~~~P~~
,
.........<♣P~P~~~~
~ ..........#
~~~~≈ ########.##
P≈≈≈ *#.# ~P≈≈~ *
, ..# * ♣≈ , * *
#### * ,* ~


You could see a two-headed ogre.

Vanquished Creatures
  Pikel (D:7)
  A wyvern (D:8)
  A steam dragon (D:6)
  Edmund (D:6)
  Duvessa (D:5)
  2 water moccasins
  An orc warrior (D:7)
  A black bear (D:7)
  2 sky beasts
  An ogre (D:7)
  3 centaurs (D:7)
  2 kobold brigands
  A gnoll sergeant (D:5)
  3 bullfrogs (D:7)
  2 scorpions
  8 wights
  Dowan (D:5)
  3 killer bees (D:8)
  4 hounds
  3 jellies
  2 gnoll boudas
  2 human zombies (Ossuary)
  2 orc priests
  Ijyb (D:4)
  9 iguanas
  4 orc wizards
  4 mummies (Ossuary)
  9 adders
  14 gnolls
  A shadow imp (D:7)
  A white imp (D:7)
  An ufetubus (D:5)
  2 worms (D:5)
  2 dart slugs (D:5)
  21 orcs
  3 endoplasms
  A giant cockroach (D:2)
  4 goblins
  6 hobgoblins
  14 kobolds
  2 quokkas
  9 ball pythons
  7 bats
  8 frilled lizards
  A gnoll zombie (Ossuary)
  A goblin zombie (Ossuary)
  4 hobgoblin zombies (Ossuary)
  A kobold zombie (D:5)
  4 rats
182 creatures vanquished.

Vanquished Creatures (others)
  7 fungi (D:3)
  2 plants (D:3)
9 creatures vanquished.

Grand Total: 191 creatures vanquished

Notes
Turn   | Place    | Note
-------+----------+-------------------------------------------
     0 | D:1      | RBrandon the Armataur Reaver began the quest for the Orb.
     0 | D:1      | Reached XP level 1. HP: 18/18 MP: 3/3
   175 | D:1      | Reached XP level 2. HP: 23/25 MP: 4/4
   214 | D:1      | Learned a level 2 spell: Momentum Strike
   820 | D:2      | Reached XP level 3. HP: 31/31 MP: 6/6
  1728 | D:3      | Reached XP level 4. HP: 33/38 MP: 3/7
  1752 | D:3      | HP: 1/38 [something/puff of flame (8)]
  2288 | D:3      | Reached XP level 5. HP: 48/48 MP: 5/8
  2340 | D:3      | Found a faded altar of an unknown god.
  2536 | D:3      | Prayed at the altar of an unknown god.
  2536 | D:3      | Became a worshipper of Uskayaw the Reveller
  2536 | D:3      | Reached * piety under Uskayaw
  2593 | D:4      | Reached ** piety under Uskayaw
  2805 | D:4      | Reached skill level 1 in Invocations
  3446 | D:4      | Reached XP level 6. HP: 39/51 MP: 9/9
  3447 | D:4      | Noticed Ijyb
  3469 | D:4      | Gained mutation: Your movements are slightly less
                  | encumbered by armour. (ER -2) [potion of mutation]
  3469 | D:4      | Gained mutation: You are frail. (-10% HP) [potion of
                  | mutation]
  3469 | D:4      | Gained mutation: You are vulnerable to cold. (rC-) [potion
                  | of mutation]
  3469 | D:4      | Gained mutation: Your tail ends in a venomous barb. [potion
                  | of mutation]
  3469 | D:4      | Gained mutation: You passively map a small area around you.
                  | [potion of mutation]
  3485 | D:4      | Reached *** piety under Uskayaw
  3488 | D:4      | Killed Ijyb
  3490 | D:4      | Reached **** piety under Uskayaw
  3944 | D:5      | Entered Level 5 of the Dungeon
  3944 | D:5      | Noticed a water moccasin
  3969 | D:5      | Found a hazy altar of Hepliaklqana.
  3976 | D:5      | Found a sand-covered staircase.
  3985 | Ossuary  | Entered an ossuary
  4362 | D:5      | Reached skill level 5 in Invocations
  4362 | D:5      | Reached XP level 7. HP: 33/55 MP: 6/10
  4483 | D:5      | Learned a level 3 spell: Hailstorm
  4633 | D:5      | Reached skill level 1 in Ice Magic
  4774 | D:5      | Noticed Dowan
  4775 | D:5      | Noticed Duvessa
  4791 | D:5      | Killed Duvessa
  4796 | D:5      | Killed Dowan
  5093 | D:5      | Reached skill level 1 in Stealth
  5113 | D:5      | Reached skill level 1 in Short Blades
  5304 | D:5      | Reached XP level 8. HP: 53/54 MP: 6/11
  5934 | D:6      | You fall into a shaft and drop 1 floor!
  5937 | D:7      | Noticed Pikel
  5948 | D:7      | Killed Pikel
  5992 | D:7      | Reached skill level 5 in Short Blades
  5992 | D:7      | Reached XP level 9. HP: 29/70 MP: 8/12
  6001 | D:7      | Noticed a cyclops
  6330 | D:7      | Found a hide-covered altar of Uskayaw.
  7069 | D:7      | Noticed a cyclops
  7189 | D:6      | Found a staircase to the Ecumenical Temple.
  7299 | D:6      | Noticed Edmund
  7309 | D:6      | Killed Edmund
  7638 | D:6      | Found a blossoming altar of Fedhas.
  7761 | D:6      | Found a runed translucent door.
  7762 | D:6      | Noticed Crazy Yiuf
  8030 | D:8      | Learned a level 3 spell: Kindle Blastsparks
  8136 | D:8      | Found a broken altar of Ashenzari.
  8239 | D:8      | Reached skill level 1 in Translocations
  8239 | D:8      | Reached skill level 1 in Fire Magic
  8239 | D:8      | Reached skill level 1 in Air Magic
  8904 | D:8      | Reached XP level 10. HP: 36/77 MP: 5/15
  9317 | D:7      | Noticed a boulder beetle
  9539 | D:9      | Noticed a two-headed ogre
  9552 | D:9      | Demolished by a two-headed ogre

Illustrated notes

Levels and vault maps discovered:
D:1:      grunt_arrival_lava_bath, layout_loops_ring
D:2:      layout_basic, serial_curves, eino_curves_02, eino_curves_04,
          grunt_decor_junction, nrook_loot_triangle
D:3:      layout_loops_ring, dreamdust_ecumenical_altar_hidden_monk_grotto,
          nicolae_figureground_pulse
D:4:      layout_loops_ring, minmay_misc_feat_roman, uniq_ijyb
D:5:      layout_rooms, nicolae_overflow_crystal_walls, enter_ossuary_3,
          uniq_duvessa
D:6:      layout_basic, kennysheep_little_box, minmay_temple_entry_ruins,
          uniq_edmund, uniq_crazy_yiuf_cottage
D:7:      minmay_the_grid_octo_tiled_squarecenter
          [minmay_the_grid_octo_checkered, minmay_the_grid_octo_77,
          minmay_the_grid_octo_checkerflower, minmay_the_grid_octo_concentric,
          minmay_the_grid_square_5x5_megaprize_diamond,
          minmay_the_grid_square_5x5_checkered,
          minmay_the_grid_square_5x5_beaten_path,
          minmay_the_grid_square_5x5_slash, minmay_the_grid_square_5x5_inset],
          layout_basic, lemuel_tele_altar, kennysheep_mini,
          amcnicky_altar_gilded, lemuel_doored_altar, serial_shops, shop,
          uniq_pikel
D:8:      layout_cave_pools, nicolae_ashenzari_panopticon,
          hangedman_decor_clover_reticule
D:9:      layout_roguey, doesnt_xom_only_xom, serial_bayou,
          serial_bayou_shore_a, serial_bayou_ford_a, serial_bayou_pond_e,
          serial_bayou_shore_b, serial_bayou_lagoon_b, serial_bayou_crossing,
          minmay_radiant, uniq_maurice

Skill      XL: |  1  2  3  4  5  6  7  8  9 |
---------------+----------------------------+-----
Spellcasting   | 2 |  2.5
Conjurations   | 3 4 |  4.2
Fighting       | 3 4 |  4.8
Invocations    | 2 5 7 |  7.9
Ice Magic      | 1 |  1.5
Stealth        | 2 6 7 |  7.4
Short Blades   | 1 5 |  5.6
Translocations | 2 |  2.1
Fire Magic     | 2 |  2.0
Air Magic      | 1 |  1.9
Maces & Flails | |  2.8
Dodging        | |  1.5

Action                   |  1- 3 |  4- 6 |  7- 9 | 10-12 || total
-------------------------+-------+-------+-------+-------++-------
Melee: Mace              |   116 |    67 |       |       ||   183
       Tailslap          |     4 |    20 |    42 |     2 ||    68
       Dagger            |       |   156 |   283 |    13 ||   452
 Cast: Momentum Strike   |     5 |    16 |    17 |     4 ||    42
       Kiss of Death     |       |     2 |     5 |       ||     7
       Hailstorm         |       |       |     3 |       ||     3
       Kindle Blastspark |       |       |     1 |       ||     1
Invok: Stomp             |       |     2 |    24 |     4 ||    30
       Line Pass         |       |     1 |     2 |       ||     3
Evoke: Wand              |       |       |     2 |     5 ||     7
  Use: Potion            |       |     9 |     8 |       ||    17
       Scroll            |       |       |     2 |       ||     2
 Stab: Paralysed         |       |     1 |     6 |       ||     7
       Sleeping          |       |       |     4 |       ||     4
       Distracted        |       |       |     2 |       ||     2
Armor: Leather armour    |    41 |    58 |       |       ||    99
       Ring mail         |       |    24 |   109 |    10 ||   143
Dodge: Dodged            |    60 |    76 |   105 |     6 ||   247
Block: Buckler           |     3 |    21 |    23 |     2 ||    49

Table legend: (Time is in decaauts)
 A = Elapsed time spent in this place.
 B = Non-inter-level travel time spent in this place.
 C = Inter-level travel time spent in this place.
 D = Time resting spent in this place.
 E = Time spent auto-exploring this place.
 F = Levels seen in this place.
 G = Mean time per level.
                   A        B        C        D        E       F      G
               +--------+--------+--------+--------+--------+-----+--------+
         Total |   9570 |   9212 |    358 |   3046 |   4280 |  10 |  957.0 |
       Dungeon |   9209 |   8851 |    358 |   3040 |   4079 |   9 | 1023.2 |
       Ossuary |    361 |    361 |      0 |      6 |    201 |   1 |  361.0 |
               +--------+--------+--------+--------+--------+-----+--------+

Top non-repeatable levels by time:
     D:8: 1429 daAuts
     D:7: 1394 daAuts
     D:5: 1377 daAuts
     D:4: 1287 daAuts
     D:6: 983 daAuts
     D:2: 969 daAuts
     D:3: 923 daAuts
     D:1: 828 daAuts
 Ossuary: 361 daAuts
     D:9: 15 daAuts

Table legend:
 A = Kills in this place as a percentage of kills in entire the game.
 B = Kills by you in this place as a percentage of kills by you in the entire game.
 C = Kills by friends in this place as a percentage of kills by friends in the entire game.
 D = Other kills in this place as a percentage of other kills in the entire game.
 E = Experience gained in this place as a percentage of experience gained in the entire game.
 F = Experience gained in this place divided by the number of levels of this place that you have seen.
                   A       B       C       D       E      F
               +-------+-------+-------+-------+-------+----------------------
         Total | 100.0 | 100.0 |   N/A |   N/A | 100.0 | 583.0
       Dungeon |  93.4 |  93.4 |   N/A |   N/A |  97.2 | 629.6
       Ossuary |   6.6 |   6.6 |   N/A |   N/A |   2.8 | 164.0
               +-------+-------+-------+-------+-------+----------------------
